Unix NetHack Version 3.7.0-70 Work-in-progress - last build Jan 20 2023 02:37:49 (416de4da9be3a1557180d233d1398bca634ded6a,branch:master). Game began 2023-01-22 22:55:26, ended 2023-01-22 23:05:14. Kontroller, lawful male human Knight ------------- +...........| |...........| +.<.........| -----|--+---- ------------- #### |C.......u.C. # |....eC..p..| # ... -----...| # | |.{.|...|## # |{.{.C..|# #### |.{.|..(|############### ## # -----...%# -.--.--- ...C.....|# |......| |C.........C|# |....>.| -------------# |......| ################## |......| |......| -------- Kontroller the Esquire St:15 Dx:8 Co:11 In:8 Wi:16 Ch:17 Lawful S:434 Dlvl:5 $:0 HP:0(29) Pw:26(26) AC:4 Xp:3/56 T:1455 Ride Latest messages: The jackal misses! The jackal misses! The jackal misses the saddled pony. The saddled pony hits the jackal. The jackal is killed! The werejackal bites! You miss the werejackal. The jackal bites! The jackal bites! The werejackal misses! You joust the werejackal! You kill the werejackal! The jackal bites! The jackal misses! You miss the jackal. The jackal bites! The jackal misses! You miss the jackal. The jackal bites! The jackal bites! You joust the jackal! You kill the jackal! The jackal misses the saddled pony. The saddled pony hits the jackal. The jackal is killed! You miss the jackal. The jackal just misses! You kill the jackal! You have a little trouble lifting a jackal corpse. Continue? [ynq] (q) y You have a little trouble lifting G - a jackal corpse. You have a little trouble lifting H - a scroll labeled KIRJE. Your movements are slowed slightly because of your load. What do you want to eat? [ghxFG or ?*] G This jackal corpse is fatty. Your movements are now unencumbered. You hear water falling on coins. You finish eating the jackal corpse. The newt bites! You miss the newt. You joust the newt! You kill the newt! You see here a leash. You see here a statue of a mountain centaur. A rock piercer suddenly drops from the ceiling! Its blow glances off your helm. You hit the rock piercer! The rock piercer bites! You die... Do you want your possessions identified? [ynq] (y) y Do you want to see your attributes? [ynq] (y) q Inventory: Weapons q - 11 +0 arrows l - 14 +0 darts z - 8 +0 darts a - a +1 long sword (alternate weapon; not wielded) b - a rusty +1 lance (weapon in hand) Armor d - an uncursed rusty +0 helmet (being worn) f - an uncursed +0 pair of leather gloves (being worn) e - an uncursed +0 small shield (being worn) c - an uncursed +1 ring mail (being worn) Comestibles g - 3 uncursed apples h - 11 uncursed carrots x - 2 uncursed tripe rations F - an uncursed tripe ration Scrolls H - an uncursed scroll of taming Potions E - a blessed potion of oil C - an uncursed potion of restore ability r - an uncursed potion of sickness Wands D - a wand of digging (0:3) t - a wand of make invisible (0:3) y - a wand of probing (0:5) Tools w - an uncursed skeleton key Gems/Stones p - 2 uncursed worthless pieces of black glass A - a cursed worthless piece of green glass B - a cursed luckstone Kontroller the Knight's attributes: Background: You were an Esquire, a level 3 male human Knight. You were lawful, on a mission for Lugh who was opposed by Brigit (neutral) and Manannan Mac Lir (chaotic). You were in the Dungeons of Doom, on level 5. You entered the dungeon 1455 turns ago. It was nighttime. There was a new moon in effect when your adventure ended. You had 56 experience points, 24 more were needed to attain level 4. Your score was 434 before end-of-game adjustments. Basics: You had 0 out of 29 hit points. You had all 26 energy points (spell power). Your armor class was 4. Your wallet was empty. Autopickup was off. Final Characteristics: Your strength was 15 (limit:18/100). Your dexterity was 8 (limit:18). Your constitution was 11 (limit:18). Your intelligence was 8 (limit:18). Your wisdom was 16 (limit:18). Your charisma was 17 (limit:18). Final Status: You were riding your pony. You were not hungry. You were unencumbered. You were wielding a lance. You had basic skill with lance. Final Attributes: You were devoutly aligned. You could jump. You were warded. You were unlucky. You had reduced luck. Bad luck did not time out for you. You are dead. Miscellaneous: You never encountered a bones level. Total elapsed playing time was 9 minutes and 48 seconds. Major events: Turn 1: Kontroller the lawful male human Knight entered the dungeon 1173: entered the Gnomish Mines 1291: attained the rank of Esquire (level 3) 1455: killed by a rock piercer Vanquished creatures: a shrieker a little dog a werejackal a coyote a giant rat a yellow mold 5 jackals 2 goblins 3 lichens a kobold zombie 7 newts 24 creatures vanquished. No species were genocided or became extinct. Voluntary challenges: You read items or engraved 8 times. You never engraved Elbereth. You never genocided any monsters. You never polymorphed an object. You never changed form. You used no wishes. Achievements: You entered the Gnomish Mines. You attained the rank of Esquire. The Dungeons of Doom: levels 1 to 5 Level 1: An altar to Lugh. Level 2: Some fountains. Level 3: An altar. Level 4: A fountain, a sink, a grave. Stairs down to The Gnomish Mines. Level 5: <- You were here. Many fountains. Final resting place for you, killed by a rock piercer. The Gnomish Mines: Level 5: Game over: ---------- / \ / REST \ / IN \ / PEACE \ / \ | Kontroller | | 0 Au | | killed by a rock | | piercer | | | | | | 2023 | *| * * * | * _________)/\\_//(\/(/\)/\//\/|_)_______ Fare thee well Kontroller the Knight... You died in The Dungeons of Doom on dungeon level 5 with 434 points, and 0 pieces of gold, after 1455 moves. You were level 3 with a maximum of 29 hit points when you died.